 Dungeon Crawl Stone Soup version 0.30-a0-637-gacddeb6d44 (webtiles) character file.

Game seed: 9303180818460579147

27 Leeroy the Slasher (level 3, 0/21 HPs)
             Began as a Tengu Warper on Jan 15, 2023.
             Slain by a hobgoblin (3 damage)
             ... on level 2 of the Dungeon.
             The game lasted 00:00:48 (853 turns).

Leeroy the Slasher (Tengu Warper)                    Turns: 853, Time: 00:00:49

Health: 0/21       AC:  3    Str: 11    XL:     3   Next: 10%
Magic:  7/7        EV: 12    Int: 13    God:
Gold:   57         SH:  0    Dex: 15    Spells: 6/6 levels left

rFire   . . .      SeeInvis .    a - +0 falchion
rCold   . . .      Faith    .    (no shield)
rNeg    . . .      Spirit   .    b - +0 leather armour
rPois   .          Reflect  .    (helmet restricted)
rElec   .          Harm     .    (no cloak)
rCorr   .          Rampage  .    (no gloves)
Will    .....                    (boots unavailable)
Stlth   +                        (no amulet)
HPRegen 0.23/turn                e - ring of flight
MPRegen 0.10/turn                (no ring)

@: flying
A: beak, talons 3
a: no special abilities


You were on level 2 of the Dungeon.
You visited 1 branch of the dungeon, and saw 2 of its levels.

You collected 57 gold pieces.

Inventory:

Hand Weapons
 a - a +0 falchion (weapon)
Missiles
 d - 7 boomerangs of dispersal (quivered)
Armour
 b - a +0 leather armour (worn)
Jewellery
 e - a ring of flight (left hand)
Scrolls
 c - a scroll of blinking
 f - 2 scrolls of magic mapping {unknown}
 g - a scroll of immolation {unknown}
 h - a scroll of identify {unknown}


   Skills:
 - Level 2.0 Fighting
 + Level 3.8 Long Blades
 - Level 1.0 Throwing
 - Level 1.1 Armour
 - Level 2.1 Dodging
 - Level 2.0 Spellcasting
 - Level 2.4 Translocations


You had 6 spell levels left.
You didn't know any spells.
Your spell library contained the following spells:

 Spells                   Type           Power      Damage    Failure   Level
 Blink                    Tloc           14%        N/A       19%         2
 Lesser Beckoning         Tloc           14%        N/A       36%         3
 Teleport Other           Tloc           7%         N/A       36%         3
 Vhi's Electric Charge    Tloc/Air       8%         N/A       52%         3
 Manifold Assault         Tloc           7%         N/A       77%         4
 Leda's Liquefaction      Hex/Erth       0%         N/A       97%         4
 Lee's Rapid Deconstruct  Erth           0%         3d4*      100%        5
 Statue Form              Tmut/Erth      0%         N/A       100%        6


Dungeon Overview and Level Annotations

Branches:
Dungeon (2/15)

Altars:

Annotations:
D:2 Natasha


Innate Abilities, Weirdness & Mutations

You have a beak for a mouth.
You have claws for feet.


Message History

No target in view!
No target in view!
No target in view!
Done exploring.
Done exploring.
No target in view!
There is a stone staircase leading down here.
You fly downwards.
Found 7 gold pieces and a gnarled jewelled staff.
There is a stone staircase leading up here.
There are monsters nearby!
There are monsters nearby!
The helpless Natasha fails to defend herself.
You hit Natasha but do no damage. You claw Natasha.
You peck Natasha, but do no damage.
Natasha is lightly wounded.
Natasha claws you.
You closely miss Natasha. Your kick misses Natasha. Natasha misses you.
You closely miss Natasha. Your peck misses Natasha.
Natasha claws you but does no damage.
The hobgoblin hits you but does no damage.
You closely miss Natasha. Natasha claws you. The hobgoblin hits you.
You hit Natasha. Your kick misses Natasha.
Natasha is lightly wounded.
Natasha claws you. The hobgoblin misses you.
You closely miss Natasha.
Natasha is lightly wounded.
Natasha claws you. The hobgoblin hits you.
* * * LOW HITPOINT WARNING * * *
Natasha barely misses you.
You barely miss Natasha. Your kick misses Natasha. You peck Natasha.
Natasha is heavily wounded.
The hobgoblin misses you. Natasha misses you.
You aren't carrying any potions.
Unknown command.
Okay, then.
You slash Natasha! Your kick misses Natasha.
Natasha is almost dead.
The hobgoblin hits you.
You die...

######.#.....
#...........#
#...........#
#.....|.$...#
#...........#
#...........#
#...h.g.....#
#....@......#
#...........###
######.<.......
#.........
#.........
#.........
#.........
#....#####
##.#.#


You could see Natasha and a hobgoblin.

Vanquished Creatures
  4 endoplasms (D:1)
  A giant cockroach (D:1)
  2 hobgoblins (D:1)
  3 jackals (D:1)
  6 ball pythons (D:1)
  2 bats (D:1)
  2 goblins (D:1)
  2 kobolds (D:1)
  3 rats (D:1)
25 creatures vanquished.

Notes
Turn   | Place    | Note
-------+----------+-------------------------------------------
     0 | D:1      | Leeroy the Tengu Warper began the quest for the Orb.
     0 | D:1      | Reached XP level 1. HP: 12/12 MP: 4/4
   183 | D:1      | Reached XP level 2. HP: 12/17 MP: 6/6
   273 | D:1      | Reached skill level 3 in Long Blades
   547 | D:1      | Reached XP level 3. HP: 21/21 MP: 7/7
   843 | D:2      | Noticed Natasha
   853 | D:2      | Slain by a hobgoblin

Illustrated notes

Levels and vault maps discovered:
D:1:      dpeg_arrival_pits, layout_basic, hangedman_abyss_or_decor_lesser_grid,
          glass_columns_a, minmay_crystal_room, chequers_garden
D:2:      layout_basic, hellmonk_ecumenical_altar_heavens_door,
          minmay_lizard_king, uniq_jessica, uniq_natasha

Skill      XL: |  1  2 |
---------------+-------+-----
Long Blades    | 3 |  3.8
Fighting       | |  2.0
Throwing       | |  1.0
Armour         | |  1.1
Dodging        | |  2.1
Spellcasting   | |  2.0
Translocations | |  2.4

Action                   || total
-------------------------++-------
Melee: Falchion          ||    53
       Kick              ||     5
       Peck              ||     5
       Punch             ||     1
 Stab: Sleeping          ||     1
Armor: Leather armour    ||     9
Dodge: Dodged            ||    32

Table legend: (Time is in decaauts)
 A = Elapsed time spent in this place.
 B = Non-inter-level travel time spent in this place.
 C = Inter-level travel time spent in this place.
 D = Time resting spent in this place.
 E = Time spent auto-exploring this place.
 F = Levels seen in this place.
 G = Mean time per level.
                   A        B        C        D        E       F      G
               +--------+--------+--------+--------+--------+-----+--------+
         Total |    859 |    848 |     11 |      0 |    705 |   2 |  429.5 |
       Dungeon |    859 |    848 |     11 |      0 |    705 |   2 |  429.5 |
               +--------+--------+--------+--------+--------+-----+--------+

Top non-repeatable levels by time:
     D:1: 849 daAuts
     D:2: 10 daAuts
